 Dungeon Crawl Stone Soup version 0.28.0-45-g0d030f2227 (webtiles) character file.

Game seed: 17068814658951882860

11 bobregger the Skirmisher (level 2, -2/32 HPs)
             Began as an Ogre Monk on Apr 6, 2022.
             Killed from afar by a dart slug (4 damage)
             ... with a slug dart
             ... on level 1 of the Dungeon.
             The game lasted 00:00:31 (268 turns).

bobregger the Skirmisher (Ogre Monk)                 Turns: 268, Time: 00:00:32

Health: -2/32      AC:  3    Str: 14    XL:     2   Next: 29%
Magic:  2/2        EV: 10    Int: 11    God:
Gold:   2          SH:  0    Dex: 11    Spells: 1/1 levels left

rFire   . . .      SeeInvis .   a - +0 mace
rCold   . . .      Faith    .   (no shield)
rNeg    . . .      Spirit   .   b - +0 robe
rPois   .          Reflect  .   (helmet restricted)
rElec   .          Harm     .   (no cloak)
rCorr   .          Rampage  .   (gloves unavailable)
Will    .....                   (boots unavailable)
Stlth   ++........              (no amulet)
HPRegen 0.10/turn               (no ring)
MPRegen 0.08/turn               (no ring)

@: no status effects
A: large, unfitting armour, tough skin 1
a: no special abilities


You were on level 1 of the Dungeon.
You visited 1 branch of the dungeon, and saw 1 of its levels.

You collected 2 gold pieces.

Inventory:

Hand Weapons
 a - a +0 mace (weapon)
Armour
 b - a +0 robe (worn)
Scrolls
 c - a scroll of identify {unknown}


   Skills:
 + Level 4.2 Fighting
 + Level 2.8 Maces & Flails
 * Level 3.0 Dodging
 + Level 1.5 Stealth


You had one spell level left.
You didn't know any spells.
Your spell library was empty.

Dungeon Overview and Level Annotations

Branches:
Dungeon (1/15)

Altars:


Innate Abilities, Weirdness & Mutations

You are too large for most types of armour.
You have tough skin. (AC +1)


Message History

You hit the jackal.
You kill the jackal!
The jackal barely misses you. The jackal closely misses you.
Your Dodging skill increases to level 3!
A dart slug comes into view.
The jackal barely misses you.
You see here a jackal corpse.
The jackal barely misses you.
You hit the jackal.
The jackal is almost dead.
The jackal barely misses you.
You closely miss the jackal.
The jackal is almost dead.
The jackal bites you. The jackal misses you.
You closely miss the jackal. The jackal bites you. x2
The dart slug launches a dart at you. The slug dart hits you.
The jackal bites you.
* * * LOW HITPOINT WARNING * * *
The jackal barely misses you.
You hit the jackal but do no damage.
The jackal bites you but does no damage.
The jackal bites you.
* * * LOW HITPOINT WARNING * * *
The jackal bites you.
* * * LOW HITPOINT WARNING * * *
The jackal bites you.
* * * LOW HITPOINT WARNING * * *
Sorry, you're not good enough to have a special ability.
Sorry, you're not good enough to have a special ability.
Found an inky potion and 22 arrows.
The jackal closely misses you.
You hit the dart slug.
The dart slug is moderately wounded.
The jackal barely misses you. The jackal bites you.
* * * LOW HITPOINT WARNING * * *
The jackal bites you.
* * * LOW HITPOINT WARNING * * *
The jackal bites you but does no damage.
The dart slug launches a dart at you. The slug dart hits you.
You die...

.... #...## #
#.#######.....
..##.........#.##
#.........†..#..# ..
#..#.........#..####....
..##............J$......
...#.........###S#..>...
...#...........hh# ####.
..............##@#
.......#.###...#w...#
..####.......#...#...!#
.#######....>..#.##.#.(.
...†.........#.#.. ..#..
.#######.##... #.# ...
.####### .# ... ...
........ .. ... ...
........


You could see a dart slug, an endoplasm, 2 jackals and a ball python.

Vanquished Creatures
  A dart slug (D:1)
  An endoplasm (D:1)
  A giant cockroach (D:1)
  4 jackals (D:1)
  A ball python (D:1)
8 creatures vanquished.

Notes
Turn   | Place    | Note
-------+----------+-------------------------------------------
     0 | D:1      | bobregger the Ogre Monk began the quest for the Orb.
     0 | D:1      | Reached XP level 1. HP: 24/24 MP: 1/1
   124 | D:1      | Reached XP level 2. HP: 25/32 MP: 2/2
   268 | D:1      | Killed from afar by a dart slug

Illustrated notes

Levels and vault maps discovered:
D:1:      minmay_arrival_jagged, layout_rooms, minmay_tromino_mix6

Skill      XL: |  1  2 |
---------------+-------+-----
Dodging        | 3 |  3.0
Fighting       | |  4.2
Maces & Flails | |  2.8
Stealth        | |  1.5

Action                   || total
-------------------------++-------
Melee: Mace              ||    40
       Punch             ||     2
Armor: Robe              ||    26
Dodge: Dodged            ||    45
